 Dungeon Crawl Stone Soup version 0.17-a0-931-g11a8995 (webtiles) character file.

364192 drasked the Gelid (level 21, -14/98 HPs)
             Began as a Deep Elf Ice Elementalist on May 5, 2015.
             Was the Champion of Vehumet.
             Shot with a bolt by a ghostly yaktaur captain (44 damage)
             ... on level 5 of the Vaults.
             The game lasted 08:39:15 (74193 turns).

drasked the Gelid (Deep Elf Ice Elementalist)      Turns: 74193, Time: 08:39:15

Health: -14/98     AC: 13    Str:  3    XL:     21   Next: 86%
Magic:  2/47       EV: 23    Int: 33    God:    Vehumet [******]
Gold:   4294       SH:  0    Dex: 19    Spells: 14 memorised, 6 levels left

rFire  + + .     SeeInvis .     a - staff of energy {@w1}
rCold  + + +     Clarity  +     r - +2 robe {rF+}
rNeg   + . .     SustAb   .     (no shield)
rPois  +         Gourm    .     x - +2 helmet {Int+3}
rElec  +         Spirit   .     D - +2 cloak {rPois}
rCorr  .         Warding  .     F - +1 pair of gloves of Insecurity {rElec rC+++ Str-5 Stlth+}
rMut   .         Stasis   .     i - +0 pair of boots
MR     +++..                    N - amulet of clarity {Clar, !d}
Stlth  ++++++....               B - ring "Wuucoes" {rElec rF+ rN+ EV+2}
                                Z - ring of the Last Ships {rPois MR+ Str+2 Dex+4}

@: very slightly contaminated, repel missiles, extremely resistant to hostile
enchantments, very stealthy
A: mutation resistance 1
a: Renounce Religion
}: 1/15 runes: barnacled


You were on level 5 of the Vaults.
You worshipped Vehumet.
Vehumet was exalted by your worship.
You were hungry.

You visited 8 branches of the dungeon, and saw 42 of its levels.
You also visited: Labyrinth, Ossuary and Bailey.

You collected 4673 gold pieces.
You spent 379 gold pieces at shops.

Inventory:

Armour
 i - a +0 pair of boots (worn)
   (You found it on level 2 of the Elven Halls)
 q - the cursed +3 crown of Eternal Torment {rTorment HP-- rN+++ SInv Curse}
   (You found it on level 1 of the Elven Halls)

   It renders you almost immune to negative energy.
   It enhances your eyesight.
   It may re-curse itself when equipped.
   It has a curse placed upon it.
 r - a +2 robe of fire resistance (worn)
   (You took it off an orc sorcerer on level 4 of the Orcish Mines)
 x - a +2 helmet of intelligence (worn)
   (You found it on level 14 of the Dungeon)
 D - a +2 cloak of poison resistance (worn)
   (You took it off Nikola on level 3 of the Vaults)
 F - the +1 pair of gloves of Insecurity (worn) {rElec rC+++ Str-5 Stlth+}
   (You acquired it on level 9 of the Dungeon)

   It affects your strength (-5).
   It renders you almost immune to cold.
   It insulates you from electricity.
   It makes you more stealthy.
 O - a +2 robe of magic resistance
   (You took it off an orc sorcerer on level 4 of the Orcish Mines)
Magical staves
 a - an uncursed staff of energy (weapon) {@w1}
   (You found it on level 1 of the Elven Halls)
 h - an uncursed staff of wizardry {wiz+, !a}
   (You found it on level 1 of the Shoals)
Jewellery
 m - the ring "Tuxedgh" {rC- rN+ MP+9 EV+4}
   (You found it on level 4 of the Shoals)

   [ring of evasion]

   It affects your evasion (+4).
   It makes you vulnerable to cold.
   It protects you from negative energy.
   It affects your magic capacity (+9).
 B - the ring "Wuucoes" (right hand) {rElec rF+ rN+ EV+2}
   (You found it in a labyrinth)

   [ring of evasion]

   It affects your evasion (+2).
   It protects you from fire.
   It insulates you from electricity.
   It protects you from negative energy.
 N - an amulet of clarity (around neck) {Clar, !d}
   (You found it on level 15 of the Dungeon)
 Z - the ring of the Last Ships (left hand) {rPois MR+ Str+2 Dex+4}
   (You found it on level 2 of the Spider Nest)

   [ring of strength]

   It affects your strength (+2).
   It affects your dexterity (+4).
   It protects you from poison.
   It affects your resistance to hostile enchantments.
Magical devices
 b - a wand of fire (3)
   (You found it on level 12 of the Dungeon)
 H - a wand of digging (10)
   (You found it on level 1 of the Shoals)
 W - a wand of disintegration (8)
   (You found it on level 1 of the Spider Nest)
 X - a wand of teleportation (1)
   (You took it off Jory on level 2 of the Vaults)
Scrolls
 d - 6 scrolls of fog
 j - 11 scrolls of identify
 p - 9 scrolls of amnesia
 s - 7 scrolls of enchant weapon
 t - 7 scrolls of teleportation
 y - 4 scrolls of enchant armour
 z - 3 scrolls of recharging
 E - 8 scrolls of fear
 J - 16 scrolls of remove curse
 T - a scroll of holy word {!r}
 U - 3 scrolls of magic mapping {!r}
Potions
 e - a potion of agility
 f - a potion of haste
 n - 6 potions of resistance
 o - 8 potions of curing
 v - a potion of might
 w - 6 potions of cure mutation {!q}
 K - 2 potions of cancellation
 M - a potion of invisibility
 Q - 4 potions of brilliance
Books
 G - a Necronomicon {highlevel}
   (You found it on level 15 of the Dungeon)
Comestibles
 c - 15 bread rations {@e1}
 L - 15 meat rations {@e2}
 S - a fruit


   Skills:
   Level 5.1 Short Blades
 - Level 10.5 Dodging
 - Level 10.4 Stealth
 - Level 20.3 Spellcasting
 - Level 20.0 Conjurations
 - Level 10.0 Charms
 - Level 15.2 Translocations
 + Level 10.8 Transmutations
 - Level 20.7 Ice Magic
 - Level 2.0 Air Magic
 - Level 2.1 Poison Magic
 - Level 12.0 Evocations


You had 6 spell levels left.
You knew the following spells:

 Your Spells              Type           Power        Failure   Level  Hunger
a - Freeze                Ice            ####         0%          1    None
b - Mephitic Cloud        Conj/Pois/Air  ######..     1%          3    None
c - Blink                 Tloc           N/A          0%          2    None
d - Repel Missiles        Chrm/Air       ######       1%          2    None
e - Freezing Cloud        Conj/Ice/Air   #######...   1%          6    None
f - Orb of Destruction    Conj           ########..   1%          7    None
g - Glaciate              Conj/Ice       ########..   5%          9    None
h - Swiftness             Chrm/Air       ######..     1%          2    None
i - Beastly Appendage     Trmt           ######       0%          1    None
s - Condensation Shield   Ice            ########..   0%          4    None
x - Throw Icicle          Conj/Ice       ########     0%          4    None
A - Ozocubu's Armour      Chrm/Ice       #######.     0%          3    None
B - Controlled Blink      Tloc           N/A          1%          7    None
F - Flight                Chrm/Air       ######....   1%          3    None


Dungeon Overview and Level Annotations

Branches:
Dungeon (15/15)            Temple (1/1) D:4            Lair (8/8) D:11
 Shoals (4/4) Lair:6       Spider (3/4) Lair:3        Slime (0/6) Lair:8
    Orc (4/4) D:9             Elf (2/3) Orc:3        Vaults (5/5) D:13
  Crypt (0/3) Vaults:2     Depths (0/5) D:15

Altars:
Ashenzari
Cheibriados
Dithmenos
Elyvilon
Fedhas
Gozag
Kikubaaqudgha
Makhleb
Nemelex Xobeh
Okawaru
Qazlal
Ru
Sif Muna
Trog
Vehumet
Xom
Yredelemnul
Zin
The Shining One
Beogh

Shops:
Orc:4 [}%!   Vaults:3 [   Vaults:4 (

Portals:
Pandemonium: Orc:4

Annotations:
D:11 2 runed doors
Spider:1 Donald


Innate Abilities, Weirdness & Mutations

You are somewhat resistant to further mutation.


Message History

The tentacled monstrosity constricts your yaktaur captain!
The ghostly yaktaur captain wields an uncursed arbalest.
The ghostly yaktaur captain shoots a bolt.
The bolt hits your yaktaur captain!!
Your deep troll bites the deep elf death mage!
Your deep troll claws the deep elf death mage but does no damage.
Your deep troll claws the deep elf death mage.
What do you say? t - Shout!
Orders for allies: a - Attack new target. p - Attack previous target. r - Retreat! s - Stop attacking. w - Wait here. f - Follow me.
Anything else - Stay silent.
Gang up on whom?
Aim: a deep elf death mage, wielding a polished scimitar and wearing a ring mail (almost dead) Attack!
Your icy armour evaporates.
Your yaktaur unwields an uncursed arbalest.
Your yaktaur barely misses the deep elf death mage.
The tentacled monstrosity tentacle-slaps your yaktaur captain!!
The tentacled monstrosity completely misses your yaktaur captain.
The tentacled monstrosity tentacle-slaps your yaktaur captain!
Your yaktaur captain dies!
Your yaktaur captain's corpse dissolves into shadows!
The deep elf death mage barely misses your deep troll.
Your deep troll bites the deep elf death mage!!
The deep elf death mage dies!
Vehumet accepts your kill. What do you say? t - Shout!
Orders for allies: a - Attack new target. r - Retreat! s - Stop attacking. w - Wait here. f - Follow me.
Anything else - Stay silent.
Gang up on whom?
Aim: a tentacled monstrosity (lightly wounded) Attack!
Your deep troll bites the tentacled monstrosity.
Your deep troll claws the tentacled monstrosity!
Your deep troll claws the tentacled monstrosity.
Your yaktaur dissolves into shadows!
Your ice dragon breathes frost at the tentacled monstrosity.
The blast of cold hits the tentacled monstrosity.
The tentacled monstrosity resists.
Your deep troll bites the tentacled monstrosity!!
Your deep troll claws the tentacled monstrosity.
Your deep troll claws the tentacled monstrosity!
Your ice dragon barely misses the tentacled monstrosity.
Your ice dragon claws the tentacled monstrosity!
Your ice dragon tramples the tentacled monstrosity.
The tentacled monstrosity holds its ground!
The ghostly yaktaur captain shoots a bolt.
The bolt hits your deep troll!!
The tentacled monstrosity tentacle-slaps your ice dragon. x2
The tentacled monstrosity tentacle-slaps your ice dragon but does no damage.
The tentacled monstrosity grabs your ice dragon.
The tentacled monstrosity constricts your ice dragon.
Your deep troll bites the tentacled monstrosity!!
The tentacled monstrosity dies!
Vehumet accepts your kill. What do you say? t - Shout!
Orders for allies: a - Attack new target. r - Retreat! s - Stop attacking. w - Wait here. f - Follow me.
Anything else - Stay silent.
Gang up on whom?
Aim: a ghostly yaktaur captain, wielding an arbalest Attack!
You hear a shout!
The ghostly yaktaur captain shoots a bolt.
The bolt hits your deep troll!!!
Your deep troll dies!
Your deep troll's corpse dissolves into shadows!
Your ice dragon breathes frost at the ghostly yaktaur captain.
The blast of cold hits the ghostly yaktaur captain.
You don't have enough magic to cast that spell.
The ghostly yaktaur captain unwields an uncursed arbalest.
The ghostly yaktaur captain hits your ice dragon.
Your ice dragon bites the ghostly yaktaur captain but does no damage.
Your ice dragon claws the ghostly yaktaur captain.
Your ice dragon barely misses the ghostly yaktaur captain.
Your ice dragon dissolves into shadows!
The ghostly yaktaur captain wields an uncursed arbalest.
The ghostly yaktaur captain shoots a bolt.
The bolt hits you!
* * * LOW HITPOINT WARNING * * *
You take 12 damage, and have 29/98 hp.
The ghostly yaktaur captain shoots a bolt.
The bolt is repelled.
You see here a bolt.
Aim: a ghostly yaktaur captain, wielding an arbalest (heavily damaged)
The ball explodes into a vile cloud!
The stinking cloud engulfs the ghostly yaktaur captain.
You now have 2/47 mp.
Wield which item (- for none, * to show all)? (? for menu, Esc to quit)
Okay, then.
The ghostly yaktaur captain shoots a bolt.
The bolt hits you!!!
You die...

#....#############
#......'#
#..#.###....
#§§#'# .. #§c##.
#§§# .. #..# ...
#(.# .... #@.# #).
#..# #).# #).#
#..# #..# #..#
#..# #..#


You could see a ghostly yaktaur captain.

Vanquished Creatures
  Boris (Vaults:4)
  Nikola (Vaults:3)
  Jory (Vaults:2)
  Arachne (Spider:2)
  Jorgrun (Vaults:1)
  4 tentacled monstrosities
  A titan (Vaults:5)
  Asterion (Vaults:1)
  A deep elf blademaster (Elf:2)
  A kraken (Shoals:4)
  3 sphinxes
  Kirke (Elf:1)
  A tengu reaver (Vaults:2)
  Ilsuiw (Shoals:4)
  Wiglaf (Vaults:4)
  2 fire giants (Vaults:3)
  A deep elf sorcerer (Vaults:4)
  A frost giant (D:15)
  2 orc warlords
  Aizul (Vaults:1)
  Louise (Elf:1)
  13 vault wardens
  A curse skull (Vaults:2)
  11 ironheart preservers
  A very ugly thing (Vaults:4)
  A war gargoyle (Vaults:5)
  10 stone giants
  A deep elf demonologist (Elf:1)
  A vampire knight (Vaults:2)
  2 deep elf annihilators (Vaults:5)
  14 merfolk impalers
  7 merfolk javelineers
  3 ettins
  27 vault guards
  2 deep elf death magi
  A minotaur (Lab)
  A deep elf high priest (Elf:2)
  5 fire dragons
  Josephine (Orc:2)
  11 yaktaur captains
  3 great orbs of eyes
  Harold (D:10)
  An entropy weaver (Spider:2)
  An ice dragon (Lair:8)
  2 catoblepae
  9 hydras
  8 merfolk aquamancers
  4 merfolk avatars
  13 ogre magi
  Erica (D:8)
  A queen ant (Spider:1)
  8 dancing weapons (Elf:2)
  3 satyrs
  10 centaur warriors
  14 death yaks
  2 tengu warriors
  3 salamander stormcallers
  5 orc high priests
  A hell knight (D:15)
  Nergalle (Lair:4)
  3 fire crabs
  A fire crab (shapeshifter) (Elf:2)
  3 shadow wraiths
  22 deep elf knights
  8 sea snakes
  8 skeletal warriors (Vaults:1)
  A flayed ghost (Vaults:3)
  4 deep trolls
  A giant orange brain (Vaults:3)
  21 orc knights
  2 deep trolls (shapeshifter)
  9 deep elf summoners
  13 harpies
  11 ironbrand convokers
  10 hill giants
  A putrid demonspawn (Orc:4)
  A phantasmal warrior (Vaults:2)
  A necromancer (Vaults:3)
  A lindwurm (shapeshifter) (Vaults:2)
  8 wizards
  22 ugly things
  A wolf spider zombie (D:15)
  19 deep elf conjurers
  18 wolf spiders
  20 griffons
  9 fauns
  A hornet (Vaults:1)
  A moth of wrath (Spider:1)
  12 orb spiders
  15 orc sorcerers
  15 elephants
  2 centaur zombies
  2 sixfirhies (Orc:4)
  5 water nymphs
  7 cyclopes
  Maurice (D:11)
  2 guardian serpents (D:14)
  6 manticores
  3 torpor snails
  7 black mambas
  A molten gargoyle (Orc:4)
  16 spiny frogs
  17 vault sentinels
  11 sirens
  7 centaur skeletons
  A yaktaur (shapeshifter) (Vaults:1)
  A smoke demon (Orc:4)
  44 yaktaurs
  3 gargoyles
  13 komodo dragons
  A redback zombie (D:15)
  2 kobold demonologists
  4 demonic crawlers (Spider:2)
  6 harpy zombies (Shoals:1)
  6 fire drakes
  6 trolls
  A wandering mushroom (Lair:7)
  A hellwing (Orc:4)
  20 jumping spiders
  A polar bear (Lair:6)
  2 freezing wraiths
  34 merfolk
  A queen bee (D:9)
  24 slime creatures
  A griffon zombie (Shoals:1)
  7 deep elf priests
  8 small abominations
  2 wind drakes (shapeshifter)
  A trapdoor spider zombie (D:11)
  39 blink frogs
  20 two-headed ogres
  A trapdoor spider (shapeshifter) (D:15)
  6 boulder beetles
  3 snapping turtles
  5 trapdoor spiders
  5 large abominations (Elf:1)
  30 redbacks
  4 wyverns
  Sigmund (D:5)
  A hog (Elf:1)
  2 shadows
  24 water elementals
  70 yaks
  11 tarantellas
  A hungry ghost (D:11)
  2 basilisks
  20 deep elf magi
  Grum (D:11)
  11 wraiths
  22 hippogriffs
  2 steam dragons
  35 deep elf fighters
  10 water moccasins
  9 wargs
  28 vampire mosquitoes
  7 mottled dragons
  14 porcupines
  31 wolves
  18 soldier ants
  62 orc warriors
  2 eyes of draining
  A sky beast (D:6)
  23 spiders
  2 swamp drakes (Lair:8)
  7 ice beasts
  3 phantoms
  A black bear (D:11)
  A necrophage (D:11)
  4 boggarts (Vaults:1)
  69 ogres
  11 centaurs
  A wasp (D:15)
  3 big kobolds
  2 boring beetles
  20 crocodiles
  2 lost souls (Vaults:2)
  Blork the orc (D:6)
  21 giant frogs
  5 scorpions
  36 killer bees
  14 wights
  4 electric eels
  A wasp zombie (D:10)
  9 crimson imps
  2 giant frog zombies
  17 jellies
  A gnoll shaman (D:4)
  49 orc priests
  39 orc wizards
  7 hounds
  4 giant frog skeletons
  18 iguanas
  25 worker ants
  A statue (D:5)
  12 sheep
  3 hell rats (Elf:1)
  A hound skeleton (D:6)
  A mummy (Ossuary)
  9 gnolls
  15 adders
  2 worker ant zombies
  6 shadow imps
  34 river rats
  15 white imps
  An ooze (D:4)
  2 adder zombies (D:6)
  2 adder skeletons
  2 worms (D:2)
  5 giant geckos
  226 orcs
  13 bats
  2 bat skeletons
  25 hobgoblins
  5 quokkas
  2 ball pythons
  8 giant newts
  2 giant spores
  6 gnoll skeletons (Ossuary)
  20 goblins
  10 jackals
  A jackal skeleton (D:4)
  43 kobolds
  8 kobold skeletons (Ossuary)
  11 orc skeletons (Ossuary)
  A quokka zombie (D:9)
  13 rats
  3 ballistomycetes
  3 crawling corpses (Vaults:3)
  13 fungi
  25 plants
  2 tentacles (Shoals:4)
2224 creatures vanquished.

Vanquished Creatures (collateral kills)
  A golden dragon (Vaults:5)
  A tentacled monstrosity (Vaults:5)
  An ettin (Vaults:5)
  A deep elf death mage (Vaults:5)
  Joseph (D:7)
  Menkaure (D:7)
  A killer bee (D:10)
7 creatures vanquished.

Vanquished Creatures (others)
  A yaktaur captain (Vaults:5)
  A fire crab (Vaults:5)
  2 deep trolls (Vaults:5)
  2 drowned souls (Shoals:4)
  An orange demon (Lair:7)
  2 yaktaurs (Vaults:5)
  A troll (D:15)
  5 humans (Elf:1)
  A vampire mosquito (Vaults:3)
  4 lost souls
  156 blocks of ice
  18 fungi
  2 plants
  2 tentacles (Shoals:4)
  36 tentacle segments (Shoals:4)
234 creatures vanquished.

Grand Total: 2465 creatures vanquished

Notes
Turn   | Place    | Note
--------------------------------------------------------------
     0 | D:1      | drasked, the Deep Elf Ice Elementalist, began the quest for the Orb.
     0 | D:1      | Reached XP level 1. HP: 10/10 MP: 6/6
   408 | D:1      | Reached XP level 2. HP: 15/15 MP: 5/8
   918 | D:2      | Found a stormy altar of Qazlal.
   919 | D:2      | Reached skill level 4 in Ice Magic
   938 | D:2      | Noticed an earth elemental
   949 | D:2      | Noticed a fire elemental
   949 | D:2      | Noticed a water elemental
   949 | D:2      | Noticed an air elemental
  1397 | D:2      | Found a sacrificial altar of Ru.
  1436 | D:2      | Reached XP level 3. HP: 12/19 MP: 6/10
  1708 | D:2      | Found a deep blue altar of Sif Muna.
  2039 | D:2      | Learned a level 3 spell: Ozocubu's Armour
  2162 | D:2      | Reached skill level 3 in Dodging
  2302 | D:2      | Reached skill level 4 in Spellcasting
  2395 | D:2      | Reached skill level 8 in Conjurations
  2395 | D:2      | Reached skill level 9 in Ice Magic
  2395 | D:2      | Reached XP level 4. HP: 24/24 MP: 12/12
  2401 | D:2      | Learned a level 4 spell: Throw Icicle
  2568 | D:3      | Found a basalt altar of Yredelemnul.
  3031 | D:3      | Reached XP level 5. HP: 26/28 MP: 6/13
  3454 | D:4      | Noticed an ogre
  3457 | D:4      | Killed an ogre
  3457 | D:4      | Reached XP level 6. HP: 30/32 MP: 2/15
  3526 | D:4      | Reached skill level 5 in Spellcasting
  3867 | D:4      | Found a sand-covered staircase.
  3950 | Ossuary  | Entered an ossuary
  3950 | Ossuary  | Noticed a wraith
  3950 | Ossuary  | Noticed a wraith
  3950 | Ossuary  | Noticed a wraith
  4027 | Ossuary  | HP: 8/32 [gnoll skeleton (3)]
  4785 | Ossuary  | Noticed a wraith
  4805 | Ossuary  | Killed a wraith
  4805 | Ossuary  | Reached XP level 7. HP: 32/36 MP: 3/16
  5160 | D:4      | Found a staircase to the Ecumenical Temple.
  5169 | Temple   | Entered the Ecumenical Temple
  5802 | D:4      | Reached skill level 10 in Ice Magic
  5945 | D:5      | Entered Level 5 of the Dungeon
  6018 | D:5      | Found a stormy altar of Qazlal.
  6594 | D:5      | Noticed Sigmund
  6619 | D:5      | Reached skill level 9 in Conjurations
  6619 | D:5      | Reached XP level 8. HP: 35/41 MP: 8/17
  6787 | D:5      | Found a radiant altar of Vehumet.
  6803 | D:5      | Became a worshipper of Vehumet
  6843 | D:5      | Found a glowing silver altar of Zin.
  6925 | D:5      | Killed Sigmund
  7626 | D:6      | Learned a level 3 spell: Mephitic Cloud
  7684 | D:6      | Acquired Vehumet's first power
  7684 | D:6      | Offered knowledge of Shock by Vehumet.
  7684 | D:6      | Reached skill level 10 in Conjurations
  7820 | D:5      | Identified a +0 rod of the swarm (9/9) (You found it on level 6 of the Dungeon)
  7913 | D:6      | Found an opulent altar of Gozag.
  7945 | D:6      | Reached skill level 1 in Charms
  8161 | D:6      | Reached skill level 2 in Charms
  8381 | D:6      | Noticed Blork the orc
  8387 | D:6      | Killed Blork the orc
  8546 | D:6      | Reached skill level 6 in Spellcasting
  8546 | D:6      | Reached skill level 3 in Charms
  8926 | D:7      | Learned a level 2 spell: Blink
  8931 | D:7      | Learned a level 4 spell: Condensation Shield
  9001 | D:7      | Noticed Menkaure
  9010 | D:7      | Killed Menkaure
  9010 | D:7      | Reached skill level 4 in Charms
  9010 | D:7      | Reached XP level 9. HP: 45/45 MP: 20/20
  9284 | D:7      | Offered knowledge of Sting by Vehumet.
  9317 | D:7      | Reached skill level 7 in Spellcasting
  9601 | D:7      | Reached skill level 4 in Dodging
  9660 | D:7      | Noticed Joseph
  9677 | D:7      | Killed Joseph
  9677 | D:7      | Reached skill level 5 in Charms
 10077 | D:7      | HP: 11/45 [poisoned by a centaur]
 10282 | D:8      | Noticed a gargoyle
 10289 | D:8      | Killed a gargoyle
 10488 | D:8      | Reached skill level 6 in Charms
 10507 | D:8      | Reached skill level 5 in Dodging
 10630 | D:8      | Reached skill level 1 in Air Magic
 10885 | D:8      | Found a burning altar of Makhleb.
 10893 | D:8      | Reached skill level 8 in Spellcasting
 10893 | D:8      | Reached skill level 1 in Poison Magic
 10932 | D:8      | Noticed Erica
 11151 | D:8      | Offered knowledge of Searing Ray by Vehumet.
 11168 | D:8      | Killed Erica
 11168 | D:8      | Reached skill level 2 in Air Magic
 11168 | D:8      | Reached skill level 2 in Poison Magic
 11168 | D:8      | Reached XP level 10. HP: 47/50 MP: 6/24
 11355 | D:8      | Acquired Vehumet's second power
 11365 | D:8      | Found a white marble altar of Elyvilon.
 11563 | D:9      | Reached skill level 7 in Charms
 11575 | D:9      | Got a transparent leather armour
 11586 | D:9      | Identified the +1 leather armour of Jaguvoap {rF- Regen+ Int+6} (You found it on level 9 of the Dungeon)
 11668 | D:9      | Reached skill level 6 in Dodging
 12276 | D:9      | Found a staircase to the Orcish Mines.
 12456 | D:9      | Reached skill level 9 in Spellcasting
 12465 | D:9      | Offered knowledge of Static Discharge by Vehumet.
 12660 | D:9      | Reached skill level 8 in Charms
 12942 | D:9      | Reached skill level 7 in Dodging
 13481 | D:9      | Learned a level 2 spell: Repel Missiles
 13489 | D:9      | Found a roughly hewn altar of Beogh.
 13513 | D:9      | Acquired Vehumet's third power
 13672 | D:9      | Reached skill level 9 in Charms
 13795 | D:10     | Entered Level 10 of the Dungeon
 13800 | D:10     | Noticed Harold
 13805 | D:10     | Reached skill level 10 in Spellcasting
 13960 | D:10     | Killed Harold
 13960 | D:10     | Reached skill level 8 in Dodging
 13960 | D:10     | Reached XP level 11. HP: 54/54 MP: 21/27
 13985 | D:8      | Offered knowledge of Airstrike by Vehumet.
 14396 | D:9      | Identified a scroll of acquirement
 14397 | D:9      | Got a pair of slimy gloves
 14403 | D:9      | Identified the +1 pair of gloves of Insecurity {rElec rC+++ Str-5 Stlth+} (You acquired it on level 9 of the Dungeon)
 14403 | D:9      | Lost strength.
 14673 | D:10     | Reached skill level 10 in Charms
 14790 | D:10     | Found a glowing golden altar of the Shining One.
 14830 | D:10     | Noticed a hill giant
 14833 | D:10     | Killed a hill giant
 14833 | D:10     | Reached skill level 9 in Dodging
 15112 | D:10     | Reached skill level 10 in Dodging
 15644 | D:11     | Reached skill level 1 in Short Blades
 15796 | D:11     | Reached skill level 3 in Stealth
 15923 | D:11     | Reached skill level 2 in Short Blades
 16189 | D:11     | Reached skill level 4 in Stealth
 16192 | D:11     | Offered knowledge of Sticky Flame by Vehumet.
 16537 | D:11     | Noticed Maurice
 16546 | D:11     | Killed Maurice
 16546 | D:11     | Reached skill level 3 in Short Blades
 16807 | D:11     | Reached skill level 5 in Stealth
 16990 | D:11     | Noticed a hill giant
 17002 | D:11     | Killed a hill giant
 17064 | D:11     | Reached skill level 4 in Short Blades
 17074 | D:11     | Noticed a centaur warrior
 17076 | D:11     | HP: 12/54 [centaur warrior/arrow (23)]
 17396 | D:11     | Found a staircase to the Lair.
 17408 | D:11     | HP: 6/54 [centaur warrior/arrow (27)]
 17423 | D:11     | Killed a centaur warrior
 17423 | D:11     | Reached skill level 6 in Stealth
 17561 | D:11     | Noticed Grum
 17562 | D:11     | Noticed a centaur warrior
 17569 | D:11     | Killed Grum
 17593 | D:11     | Found a large runed door.
 17610 | D:11     | Found a large runed door.
 17644 | D:11     | Noticed a naga warrior
 17674 | D:11     | Reached skill level 5 in Short Blades
 17837 | Lair:1   | Entered Level 1 of the Lair of Beasts
 17842 | Lair:1   | Reached skill level 7 in Stealth
 17842 | Lair:1   | Reached XP level 12. HP: 59/59 MP: 21/28
 18076 | Lair:1   | Reached skill level 8 in Stealth
 18230 | Lair:1   | Reached skill level 9 in Stealth
 18239 | Lair:1   | Found a blossoming altar of Fedhas.
 18507 | Lair:1   | Reached skill level 10 in Stealth
 19280 | Lair:2   | Offered knowledge of Freezing Cloud by Vehumet.
 19333 | Lair:1   | Reached skill level 11 in Ice Magic
 19515 | Lair:2   | Reached skill level 1 in Translocations
 19644 | Lair:2   | Reached skill level 2 in Translocations
 19878 | Lair:2   | Reached skill level 3 in Translocations
 20270 | Lair:2   | Reached skill level 4 in Translocations
 20942 | Lair:2   | Reached skill level 5 in Translocations
 21116 | Lair:2   | Learned a level 6 spell: Freezing Cloud
 21309 | Lair:2   | Reached skill level 12 in Ice Magic
 21371 | Lair:2   | Offered knowledge of Poison Arrow by Vehumet.
 21768 | Lair:3   | Reached XP level 13. HP: 63/63 MP: 6/29
 22419 | Lair:3   | Noticed a six-headed hydra
 22446 | Lair:3   | Found a hole to the Spider Nest.
 22475 | Lair:3   | Reached skill level 11 in Spellcasting
 23466 | Lair:4   | Noticed Nergalle
 23824 | Lair:4   | Reached skill level 12 in Spellcasting
 24715 | Lair:4   | Reached skill level 13 in Spellcasting
 25195 | Lair:4   | Reached skill level 14 in Spellcasting
 25205 | Lair:4   | Killed Nergalle
 25310 | Lair:4   | Offered knowledge of Orb of Destruction by Vehumet.
 25477 | Lair:5   | Learned a level 7 spell: Orb of Destruction
 25569 | Lair:5   | Got a blackened flail
 25570 | Lair:5   | Identified the cursed +0 flail "Jemuazer" {speed, +Fly rElec Int+4 Stlth+} (You found it on level 5 of the Lair of Beasts)
 25803 | Lair:5   | Reached skill level 15 in Spellcasting
 26730 | Lair:6   | Reached skill level 16 in Spellcasting
 26926 | Lair:6   | Reached XP level 14. HP: 68/68 MP: 29/36
 27496 | Lair:6   | Found a staircase to the Shoals.
 27888 | Lair:6   | Reached skill level 17 in Spellcasting
 28264 | Lair:7   | Got a crude leather armour
 28276 | Lair:7   | Identified the cursed +1 leather armour of a ziggurat {Dex+4} (You found it on level 7 of the Lair of Beasts)
 28438 | Lair:7   | Reached skill level 13 in Ice Magic
 28809 | Lair:7   | Got a shimmering granite ring
 28940 | Lair:7   | Reached skill level 14 in Ice Magic
 30127 | Lair:8   | Entered Level 8 of the Lair of Beasts
 30147 | Lair:8   | Found a labyrinth entrance.
 30158 | Lab      | Entered a labyrinth
 31316 | Lab      | Got a scorched granite ring
 31324 | Lab      | Identified the ring "Wuucoes" {rElec rF+ rN+ EV+2} (You found it in a labyrinth)
 31326 | Lab      | Identified the ring of Rul Seyd {Contam rElec Int+6 Dex+6} (You found it on level 7 of the Lair of Beasts)
 31367 | Lab      | Identified the Papyrus of Arcane Weapons (You found it in a labyrinth)
 31367 | Lab      | Got a transparent granite ring
 31367 | Lab      | Got a brightly glowing steel ring
 31369 | Lab      | Identified the ring of Feorhan {SustAb +Blink MR+ Dex+4} (You found it in a labyrinth)
 31371 | Lab      | Identified the ring "Wanyfunu" {rElec rPois Str+4} (You found it in a labyrinth)
 31375 | Lab      | Identified a +6 iron rod (14/14) (You found it in a labyrinth)
 31449 | Lair:8   | Gained mutation: You heal slowly when monsters are visible. [mutagenic glow]
 31634 | Lair:8   | Found a staircase to the Slime Pits.
 31639 | Lair:8   | Reached skill level 15 in Ice Magic
 32425 | Lair:8   | Offered knowledge of Iron Shot by Vehumet.
 32985 | Lair:8   | Reached skill level 16 in Ice Magic
 33216 | Lair:8   | Reached XP level 15. HP: 72/72 MP: 26/38
 35229 | D:13     | Reached skill level 17 in Ice Magic
 35884 | D:13     | Offered knowledge of Bolt of Fire by Vehumet.
 35978 | D:13     | Found a gate to the Vaults.
 36192 | D:13     | Found a shimmering altar of Xom.
 37759 | D:14     | Reached skill level 18 in Ice Magic
 38341 | D:14     | Offered knowledge of Conjure Ball Lightning by Vehumet.
 38542 | D:15     | Entered Level 15 of the Dungeon
 39041 | D:15     | HP: 18/72 [wolf spider zombie (7)]
 39893 | D:15     | Reached skill level 19 in Ice Magic
 40222 | D:15     | Found a staircase to the Depths.
 41062 | D:15     | Reached XP level 16. HP: 59/76 MP: 13/39
 41481 | Spider:1 | Entered Level 1 of the Spider Nest
 41511 | Spider:1 | HP: 19/76 [wolf spider (13)]
 42058 | Spider:1 | Noticed Donald
 42345 | Spider:1 | Reached skill level 20 in Ice Magic
 44658 | Spider:2 | Got a twitching ivory ring
 44660 | Spider:2 | Identified the ring of the Last Ships {rPois MR+ Str+2 Dex+4} (You found it on level 2 of the Spider Nest)
 45277 | Spider:2 | Noticed Arachne
 45301 | Spider:2 | Killed Arachne
 45676 | Spider:2 | Reached skill level 18 in Spellcasting
 45824 | Spider:2 | Offered knowledge of Lehudib's Crystal Spear by Vehumet.
 45824 | Spider:2 | Offered knowledge of Fire Storm by Vehumet.
 45824 | Spider:2 | Offered knowledge of Glaciate by Vehumet.
 45835 | Spider:2 | Learned a level 9 spell: Glaciate
 47200 | Lair:3   | Killed a six-headed hydra
 47587 | Orc:1    | Entered Level 1 of the Orcish Mines
 47606 | Orc:1    | Found a flagged portal.
 47620 | Bailey   | Entered a bailey
 47916 | Bailey   | Got a pair of bloodstained gloves
 47966 | Bailey   | Identified the cursed -5 pair of gloves of Hadjma {rN+ MR- Str+4} (You found it in a bailey)
 48459 | Orc:3    | Found a staircase to the Elven Halls.
 49074 | Orc:4    | Entered Level 4 of the Orcish Mines
 49105 | Orc:2    | Reached skill level 19 in Spellcasting
 49130 | Orc:2    | Noticed Josephine
 49133 | Orc:2    | Killed Josephine
 49544 | Orc:1    | Found a roughly hewn altar of Beogh.
 49569 | Orc:1    | Found a roughly hewn altar of Beogh.
 49824 | Orc:2    | Found a burning altar of Makhleb.
 50920 | Orc:4    | Found Yczadolo's Food Shoppe.
 51272 | Orc:4    | Reached XP level 17. HP: 80/80 MP: 31/42
 51767 | Orc:4    | Found Sioro's Distillery.
 52182 | Orc:4    | Reached skill level 20 in Spellcasting
 52703 | Orc:4    | Found Degajacu's Gadget Boutique.
 52703 | Orc:4    | Found a one-way gate leading to the halls of Pandemonium.
 52703 | Orc:4    | Found Bani's Antique Armour Shop.
 52707 | Orc:4    | Bought a pair of fine gloves for 313 gold pieces
 52707 | Orc:4    | Bought a dyed leather armour for 66 gold pieces
 52717 | Orc:4    | Identified the +2 pair of gloves of Okawaru's Benevolence {Int+2 Stlth+} (You bought it in a shop on level 4 of the Orcish Mines)
 53196 | Elf:1    | Entered Level 1 of the Elven Halls
 53277 | Elf:1    | Got a polished chain mail
 53422 | Elf:1    | Reached skill level 11 in Conjurations
 53647 | Elf:1    | Noticed Kirke
 53672 | Elf:1    | Killed Kirke
 54162 | Elf:1    | Reached skill level 12 in Conjurations
 54351 | Elf:1    | Noticed Louise
 54360 | Elf:1    | Killed Louise
 54893 | Elf:2    | Reached skill level 13 in Conjurations
 55258 | Elf:2    | Reached skill level 1 in Evocations
 55526 | Elf:2    | Reached skill level 2 in Evocations
 55603 | Elf:2    | Found a runed gate.
 55718 | Elf:2    | Found a runed gate.
 55719 | Elf:2    | Found a runed gate.
 56181 | Elf:2    | Reached skill level 3 in Evocations
 56202 | Elf:2    | HP: 16/80 [scimitar of slicing (17)]
 56206 | Elf:2    | Reached skill level 14 in Conjurations
 57031 | D:11     | Reached skill level 4 in Evocations
 57262 | Lair:8   | Reached XP level 18. HP: 85/85 MP: 33/44
 57326 | Shoals:1 | Entered Level 1 of the Shoals
 58035 | Shoals:1 | Reached skill level 5 in Evocations
 58382 | Shoals:1 | Reached skill level 15 in Conjurations
 59000 | Shoals:2 | Learned a level 2 spell: Swiftness
 59004 | Shoals:2 | Learned a level 3 spell: Flight
 59188 | Shoals:2 | Reached skill level 6 in Evocations
 59539 | Shoals:3 | HP: 18/85 [merfolk javelineer/javelin (25)]
 60016 | Shoals:3 | Reached skill level 7 in Evocations
 60377 | Shoals:3 | Reached skill level 16 in Conjurations
 60679 | Shoals:4 | Entered Level 4 of the Shoals
 61144 | Shoals:4 | Reached skill level 8 in Evocations
 61412 | Shoals:4 | HP: 15/85 [merfolk javelineer/javelin (23)]
 61862 | Shoals:4 | Got a flickering tin ring
 61865 | Shoals:4 | Identified the ring "Tuxedgh" {rC- rN+ MP+9 EV+4} (You found it on level 4 of the Shoals)
 61982 | Shoals:4 | Noticed Ilsuiw
 61988 | Shoals:4 | Killed Ilsuiw
 62063 | Shoals:4 | Reached skill level 9 in Evocations
 62070 | Shoals:4 | Reached skill level 17 in Conjurations
 62185 | Shoals:4 | Reached XP level 19. HP: 37/89 MP: 23/45
 62600 | Shoals:4 | Got a barnacled rune of Zot
 63084 | Vaults:1 | Entered Level 1 of the Vaults
 63364 | Vaults:1 | Noticed Jorgrun
 63369 | Vaults:1 | Killed Jorgrun
 63422 | Vaults:1 | Noticed Aizul
 63425 | Vaults:1 | Killed Aizul
 63564 | Vaults:1 | Reached skill level 10 in Evocations
 63660 | Vaults:1 | Reached skill level 18 in Conjurations
 64206 | Vaults:1 | Noticed Asterion
 64895 | Vaults:1 | Killed Asterion
 65035 | Vaults:1 | Reached skill level 11 in Evocations
 65617 | Vaults:1 | Reached skill level 19 in Conjurations
 66145 | Vaults:2 | Noticed Jory
 66512 | Vaults:2 | Reached XP level 20. HP: 79/94 MP: 20/46
 66749 | Vaults:2 | Found a staircase to the Crypt.
 66819 | Vaults:2 | Killed Jory
 66819 | Vaults:2 | Reached skill level 12 in Evocations
 67035 | Vaults:2 | Reached skill level 20 in Conjurations
 67178 | Vaults:2 | Identified Iskenderun's Disquisition on Blistering Conjuration
 67367 | Vaults:2 | Reached skill level 6 in Translocations
 67697 | Vaults:2 | Reached skill level 7 in Translocations
 68438 | Vaults:3 | Reached skill level 8 in Translocations
 68578 | Vaults:3 | Noticed Nikola
 68592 | Vaults:3 | Killed Nikola
 68667 | Vaults:3 | Reached skill level 9 in Translocations
 68803 | Vaults:3 | Reached skill level 10 in Translocations
 69239 | Vaults:3 | Found Xurhaxaob's Armour Shoppe.
 69252 | Vaults:3 | Learned a level 7 spell: Controlled Blink
 69254 | Vaults:3 | Reached skill level 11 in Translocations
 69750 | Vaults:3 | Reached skill level 12 in Translocations
 71086 | Vaults:4 | Reached skill level 13 in Translocations
 71427 | Vaults:4 | Reached XP level 21. HP: 98/98 MP: 31/47
 71491 | Vaults:4 | Noticed Wiglaf
 71495 | Vaults:4 | Killed Wiglaf
 71522 | Vaults:4 | Reached skill level 14 in Translocations
 71770 | Vaults:4 | Noticed Boris
 71775 | Vaults:4 | Killed Boris
 72214 | Vaults:4 | Reached skill level 15 in Translocations
 72240 | Vaults:4 | Found Ociozoq's Weapon Emporium.
 72909 | Lair:1   | Lost strength.
 72932 | Lair:1   | Learned a level 1 spell: Beastly Appendage
 73177 | Vaults:5 | Entered Level 5 of the Vaults
 73178 | Vaults:5 | Reached skill level 1 in Transmutations
 73178 | Vaults:5 | Reached skill level 2 in Transmutations
 73180 | Vaults:5 | Reached skill level 3 in Transmutations
 73181 | Vaults:5 | Reached skill level 4 in Transmutations
 73183 | Vaults:5 | Reached skill level 5 in Transmutations
 73186 | Vaults:5 | Reached skill level 6 in Transmutations
 73220 | Vaults:5 | Reached skill level 7 in Transmutations
 73240 | Vaults:5 | HP: 14/98 [deep elf annihilator/crystal spear (46)]
 73579 | Vaults:5 | Reached skill level 8 in Transmutations
 73634 | Vaults:5 | Reached skill level 9 in Transmutations
 73681 | Vaults:5 | HP: 21/98 [ironheart preserver/dire flail of protection (14)]
 73800 | Vaults:4 | Gained mutation: You tend to lose your temper in combat. [mutagenic glow]
 73863 | Vaults:4 | Lost mutation: You tend to lose your temper in combat. [potion of cure mutation]
 73863 | Vaults:4 | Lost mutation: You heal slowly when monsters are visible. [potion of cure mutation]
 73864 | Vaults:4 | Gained mutation: You are somewhat resistant to further mutation. [potion of beneficial mutation]
 74069 | Vaults:5 | Reached skill level 10 in Transmutations
 74193 | Vaults:5 | Shot with a bolt by a ghostly yaktaur captain

Action                   |  1- 3 |  4- 6 |  7- 9 | 10-12 | 13-15 | 16-18 | 19-21 || total
-------------------------+-------+-------+-------+-------+-------+-------+-------++-------
Melee: Club              |    49 |   113 |   131 |    35 |       |       |       ||   328
       Unarmed           |     1 |       |       |       |       |       |       ||     1
       Dire flail        |       |       |       |    91 |       |       |       ||    91
       Dagger            |       |       |       |   388 |    59 |       |       ||   447
       Flail             |       |       |       |       |    69 |    38 |       ||   107
       Staff             |       |       |       |       |       |     1 |       ||     1
 Cast: Freeze            |    52 |    56 |   188 |    42 |     3 |    10 |     1 ||   352
       Ozocubu's Armour  |     2 |    11 |    21 |    21 |    19 |    33 |    27 ||   134
       Throw Icicle      |       |     5 |    72 |   388 |   520 |   529 |   349 ||  1863
       Blink             |       |       |     1 |       |     6 |       |     1 ||     8
       Mephitic Cloud    |       |       |       |    66 |    37 |    11 |     7 ||   121
       Repel Missiles    |       |       |       |     2 |     1 |     2 |     5 ||    10
       Condensation Shie |       |       |       |     2 |     5 |    23 |    31 ||    61
       Freezing Cloud    |       |       |       |       |   244 |   457 |    67 ||   768
       Glaciate          |       |       |       |       |       |    17 |   199 ||   216
       Flight            |       |       |       |       |       |       |     2 ||     2
       Controlled Blink  |       |       |       |       |       |       |     7 ||     7
Evoke: Rod               |       |       |     4 |       |       |       |       ||     4
       Wand              |       |       |       |       |     6 |     1 |       ||     7
       Staff of energy   |       |       |       |       |       |   193 |   506 ||   699
  Use: Scroll            |     9 |     1 |     5 |    23 |     9 |     9 |     4 ||    60
       Potion            |     1 |       |     3 |     2 |       |    10 |    10 ||    26
 Stab: Sleeping          |       |       |     1 |     1 |       |       |       ||     2
       Confused          |       |       |       |    33 |    15 |       |       ||    48
  Eat: Chunk             |     4 |     6 |    16 |    26 |    47 |    62 |    34 ||   195
       Meat ration       |       |     1 |     1 |     1 |       |       |       ||     3
       Beef jerky        |       |     1 |       |       |     1 |     2 |       ||     4
       Pizza             |       |       |     1 |       |     3 |     1 |     5 ||    10
       Bread ration      |       |       |     1 |       |       |       |     3 ||     4
       Royal jelly       |       |       |       |       |    10 |       |     1 ||    11
       Fruit             |       |       |       |       |       |    14 |     6 ||    20

Vault maps used:
D:1:      sevenhm_arrival_forest_fort_small_4, corner_web_ring
D:2:      nicolae_ru_the_path_less_chosen, lemuel_blue_sif_altar, serial_forest,
          infiniplex_forest_clump_diagonal, infiniplex_forest_join,
          infiniplex_forest_zigzag_1, infiniplex_forest_lined_4_way,
          infiniplex_forest_split, infiniplex_forest_split,
          infiniplex_forest_side_room, infiniplex_forest_lined_3,
          infiniplex_forest_clump_medium, nicolae_qazlal_style_of_elements
D:3:      yredelemnul_altar_generic, first_bread
D:4:      minmay_temple_entry_purple_smoke,
          nicolae_ossuary_entry_false_entrances
D:5:      old_standard_altar, lemuel_crystal_altar, vehumet_statue, uniq_sigmund
D:6:      basic_altar, uniq_blork_the_orc
D:7:      serial_glass, glass_columns_c, glass_columns_c, glass_columns_a,
          uniq_menkaure, uniq_joseph
D:8:      overflow_temple_1_default, old_standard_altar, uniq_erica
D:9:      minmay_orc_entry_temple_small, david_nohive_1
D:10:     tso_metal_star, uniq_harold
D:11:     okawaru_arena_lexackson, minmay_lair_entry_lava, serial_undead,
          serial_undead_f, serial_undead_e, serial_undead_c, serial_undead_d,
          uniq_maurice, uniq_grum
D:12:     kennysheep_big_flooded_room
D:13:     david_vaults_1, basic_altar
D:14:     nrook_guardian_serpent_snake_passage, abandoned_shop
D:15:     hangedman_depths_entry_civil_slaughter, lemuel_statue_altar,
          portal_ice_cave_entry_imps, minmay_evil_grid
Temple:   triangle_lava_temple_11
Lair:1:   basic_altar, guppyfry_lair_drakes, grunt_megastairs_4,
          infiniplex_staircase_pool_2, lemuel_fruit_fields
Lair:2:   grunt_megastairs_2
Lair:3:   nicolae_spider_entry_tight_spaces, beast_lair_carwin_9
Lair:4:   lemuel_fruit_tree, uniq_nergalle
Lair:5:   hangedman_lair_generics_rect
Lair:6:   shoals_dummy_entry, grunt_megastairs_1
Lair:7:   serial_bayou_shore_a
Lair:8:   guppyfry_lair_end_dragon, minmay_slime_entry_jelly_boxes,
          lab_entry_generic, bobbens_ice_dragon_lair
Shoals:1: nicolae_shoals_undead_eyrie
Shoals:2: yaktaur_hedge
Shoals:3: nicolae_shoals_mertower
Shoals:4: shoals_end_hangedman, shoals_ilsuiw_alternative
Spider:1: nicolae_spider_circle_web, zaba_antful_of_joy, uniq_donald
Spider:2: nicolae_spider_webbed_stairs, uniq_arachne
Orc:1:    basic_altar, enter_bailey_2, mines1_david
Orc:2:    bloody_makhleb, uniq_josephine
Orc:3:    nicolae_orc_pool_cavern
Orc:4:    pf_orc_diabolical, nicolae_orc_lava_tube, minmay_orc_barracks
Elf:1:    minmay_elf_crystal_hexagon, minmay_misc_feat_columns, laboratory,
          uniq_kirke, uniq_louise
Elf:2:    hex_tiny, basic_stair_grate_trap
Vaults:1: v_misc_10, v_misc_27, grunt_vaults_trifunnel, ontoclasm_vaults_hangar,
          nicolae_vaults_rhombus_7, v_alt_pattern_6,
          nicolae_vaults_circle_grid_b, v_pattern_5, hangedman_vaults_trim,
          uniq_asterion, uniq_jorgrun, uniq_aizul
Vaults:2: v_misc_16, vaults_dpeg_ring, minmay_crypt_entry_simple_statues,
          v_misc_32, ontoclasm_vaults_misaligned, v_misc_4, v_misc_30,
          serial_ice_g, v_misc_8, v_rooms_1, v_rooms_4,
          nicolae_vaults_twisting_passages, uniq_jory
Vaults:3: nicolae_vaults_mini_display_case, hangedman_vaults_restitches,
          vaults_mumra_lcd, v_misc_5, hangedman_vaults_trim,
          dpeg_vaults_monster_box, uniq_nikola
Vaults:4: hangedman_vaults_cutoff, nicolae_vaults_c_with_doors,
          ontoclasm_vaults_ring_small, nicolae_vaults_big_angled_halls,
          hangedman_vaults_impose, vaults_room_boxed,
          nicolae_vaults_little_squares_4, vaults_dpeg_cross,
          grunt_vaults_focal, grunt_vaults_hallway_short,
          nicolae_vaults_angled_halls, serial_shops, shop, uniq_boris,
          uniq_wiglaf
Ossuary:  ossuary_due_mausoleum
Bailey:   bailey_axe_1, bailey

Table legend:
 A = Turns spent in this place as a percentage of turns spent in the entire game.
 B = Non-inter-level travel turns spent in this place as a percentage of non-inter-level travel turns spent in the entire game.
 C = Inter-level travel turns spent in this place as a percentage of turns spent in this place.
 D = Turns resting spent in this place as a percentage of non-inter-level travel turns spent in this place.
 E = Turns spent auto-exploring this place as a percentage of non-inter-level travel turns spent in this place.
 F = Non-inter-level travel turns spent in this place divided by the number of levels of this place that you've seen.
                   A       B       C       D       E      F
               +-------+-------+-------+-------+-------+----------------------
         Total | 100.0 | 100.0 |   0.9 |   3.1 |   6.9 | 686.2
       Dungeon |  26.0 |  26.0 |   1.1 |   4.4 |   7.8 | 534.9
        Temple |   0.1 |   0.1 |   0.0 |   0.0 |  22.0 |  41.0
          Lair |  15.9 |  15.9 |   1.1 |   4.7 |   6.7 | 612.1
        Shoals |  10.1 |  10.1 |   0.9 |   1.5 |   5.9 | 779.8
   Spider Nest |   5.5 |   5.5 |   1.3 |   6.5 |   7.0 | 565.3
  Orcish Mines |   7.6 |   7.6 |   1.2 |   2.7 |  12.1 | 583.8
   Elven Halls |   5.2 |   5.2 |   1.0 |   1.6 |  10.0 | 808.5
        Vaults |  22.5 |  22.6 |   0.6 |   1.6 |   5.8 | 1395.4
     Labyrinth |   4.6 |   4.6 |   0.0 |   0.0 |   0.0 | 1430.0
       Ossuary |   1.4 |   1.4 |   0.0 |   2.7 |   1.4 | 442.0
        Bailey |   1.0 |   1.0 |   0.0 |   3.3 |   2.7 | 299.0
               +-------+-------+-------+-------+-------+----------------------

Table legend:
 A = Kills in this place as a percentage of kills in entire the game.
 B = Kills by you in this place as a percentage of kills by you in the entire game.
 C = Kills by friends in this place as a percentage of kills by friends in the entire game.
 D = Other kills in this place as a percentage of other kills in the entire game.
 E = Experience gained in this place as a percentage of experience gained in the entire game.
 F = Experience gained in this place divided by the number of levels of this place that you have seen.
                   A       B       C       D       E      F
               +-------+-------+-------+-------+-------+----------------------
         Total | 100.0 | 100.0 | 100.0 | 100.0 | 100.0 | 15342.1
       Dungeon |  25.5 |  25.3 |  42.9 |  41.2 |  10.4 | 4780.4
          Lair |  17.0 |  16.8 |   0.0 |  52.9 |  12.7 | 10944.8
        Shoals |   7.6 |   7.7 |   0.0 |   0.0 |  13.0 | 22517.2
   Spider Nest |   6.7 |   6.8 |   0.0 |   0.0 |   6.5 | 14875.0
  Orcish Mines |  11.8 |  11.9 |   0.0 |   0.0 |   3.7 | 6432.2
   Elven Halls |   5.4 |   5.4 |   0.0 |   0.0 |   8.4 | 29158.5
        Vaults |  23.2 |  23.2 |  57.1 |   5.9 |  44.8 | 61795.0
     Labyrinth |   0.0 |   0.0 |   0.0 |   0.0 |   0.2 | 1085.0
       Ossuary |   1.2 |   1.3 |   0.0 |   0.0 |   0.0 | 222.0
        Bailey |   1.5 |   1.5 |   0.0 |   0.0 |   0.3 | 2110.0
               +-------+-------+-------+-------+-------+----------------------
